 Seeded DCSS version 0.31-a0-986-g5e6e4ef867 (webtiles) character file.

Game seed: 3451369682634171190 (custom seed)

1913 timneilson the Magician (level 8, -1/45 HPs)
             Began as a Deep Elf Conjurer on Nov 25, 2023.
             Was an Initiate of Vehumet.
             Slain by a wight
             ... wielding a +6 dagger of freezing
              (11 damage)
             ... on level 6 of the Dungeon.
             The game lasted 00:23:15 (4814 turns).

timneilson the Magician (Deep Elf Conjurer)         Turns: 4814, Time: 00:23:15

Health: -1/45      AC:  4    Str: -1    XL:     8   Next: 95%
Magic:  2/20       EV: 29    Int: 30    God:    Vehumet [......]
Gold:   104        SH:  0    Dex: 13    Spells: 6/20 levels left

rFire   . . .        h - +0 dagger (speed)
rCold   + . .        (no shield)
rNeg    . . .        a - +0 robe
rPois   .            (no helmet)
rElec   +            f - +0 cloak
rCorr   +            (no gloves)
SInv    +            e - +0 pair of boots
Will    .....        o - amulet "Jaoluck" {Acrobat rElec Regen+ Str-5 Int+4}
Stlth   +++          t - ring "Sankorux" {rElec rC+ rCorr SInv}
HPRegen 0.00/turn    x - ring of wizardry
MPRegen 0.17/turn

%: acrobat, wizardry (x1)
@: acrobatic, inhibited regen, slowed, lost strength, very slow
A: no striking features
a: Renounce Religion


You were on level 6 of the Dungeon.
You worshipped Vehumet.
Vehumet was noncommittal.
You visited 1 branch of the dungeon, and saw 6 of its levels.

You collected 1061 gold pieces.
You spent 957 gold pieces at shops.

Inventory:

Hand Weapons
 h - a +0 dagger of speed (weapon)
Missiles
 w - 6 datura-tipped darts
 y - 9 poisoned darts
Armour
 a - a +0 robe (worn)
 e - a +0 pair of boots (worn)
 f - a +0 cloak (worn)
Magical Staves
 p - a staff of fire
Jewellery
 c - a ring of ice
 d - an amulet of the acrobat
 o - the amulet "Jaoluck" (around neck) {Acrobat rElec Regen+ Str-5 Int+4}
   (You bought it in a shop on level 1 of the Dungeon)

   [amulet of the acrobat]

   Acrobat:   It increases your evasion while moving and waiting.
   Str-5:     It affects your strength (-5).
   Int+4:     It affects your intelligence (+4).
   rElec:     It insulates you from electricity.
   Regen+:    It increases your rate of health regeneration.
 t - the ring "Sankorux" (left hand) {rElec rC+ rCorr SInv}
   (You bought it in a shop on level 1 of the Dungeon)

   [ring of resist corrosion]

   rC+:       It protects you from cold.
   rElec:     It insulates you from electricity.
   SInv:      It lets you see invisible.
   rCorr:     It protects you from acid and corrosion.
 x - a ring of wizardry (right hand)
 C - a ring of positive energy
Wands
 n - a wand of flame (22)
 v - a wand of quicksilver (11)
 z - a wand of polymorph (3)
 B - a wand of mindburst (23)
Scrolls
 i - a scroll of blinking {unknown}
 l - a scroll of fog {unknown}
 m - 3 scrolls of poison {unknown}
 q - 4 scrolls of teleportation {unknown}
 A - a scroll of noise {unknown}
Potions
 b - 3 potions of magic
 g - 3 potions of brilliance {unknown}
 j - a potion of curing
 k - a potion of haste
 r - 2 potions of enlightenment
 s - a potion of lignification {unknown}
 u - a potion of attraction {unknown}


   Skills:
 + Level 2.5 Fighting
 + Level 2.4 Throwing
 + Level 2.6 Armour
 * Level 6.3 Dodging
 + Level 5.2 Stealth
 * Level 6.9 Spellcasting
 + Level 5.8 Conjurations
 + Level 3.7 Hexes
 + Level 2.9 Translocations
 + Level 1.4 Ice Magic
 + Level 3.0 Evocations


You had 6 spell levels left.
You knew the following spells:

 Your Spells              Type           Power      Damage    Failure   Level
a - Magic Dart            Conj           100%       1d8       1%          1
b - Searing Ray           Conj           90%        2d7       1%          2
c - Fulminant Prism       Conj/Hex       19%        3d10      2%          4
d - Iskenderun's Mystic   Conj/Tloc      36%        2d9       3%          4
e - Frozen Ramparts       Ice            36%        1d6       3%          3

Your spell library contained the following spells:

 Spells                   Type           Power      Damage    Failure   Level
 Ensorcelled Hibernation  Hex/Ice        50%        N/A       1%          2
 Jinxbite                 Hex            64%        N/A       1%          2
 Dazzling Flash           Conj/Hex       78%        N/A       1%          3
 Anguish                  Hex/Necr       10%        N/A       9%          4
 Petrify                  Tmut/Erth      10%        N/A       19%         4
 Metabolic Englaciation   Hex/Ice        12%        N/A       19%         5


Dungeon Overview and Level Annotations

Branches:
Dungeon (6/15)
 Temple: D:4-7

Altars:
Gozag
Okawaru
Trog
Vehumet
Wu Jian

Shops:
D:1 (=


Message History

You finish channelling your searing ray.
The wight misses you.
Casting: Searing Ray (safe; 1% risk of failure)
Confirm with . or Enter, or press ? or * to list all spells.
You erupt in a blast of force!
The mystic blast hits the wight.
The wight is lightly damaged.
The wight is knocked back by the mystic blast.
The mystic blast hits the wight but does no damage.
The wight is moderately damaged.
The mystic blast hits the wight!
You destroy the wight!
Vehumet accepts your kill.
The wight hits you with a +3 dire flail!
* * * LOW HITPOINT WARNING * * *
Casting: Iskenderun's Mystic Blast (dangerous; 3% risk of failure)
Confirm with . or Enter, or press ? or * to list all spells.
You erupt in a blast of force!
The mystic blast hits the wight!
The wight is heavily damaged.
The wight is knocked back by the mystic blast.
The wight collides with the wight!
The wight is lightly damaged.
The mystic blast hits the wight!
The wight is almost destroyed.
The wight is knocked back by the mystic blast.
The wight slams into the rock wall!
You destroy the wight!
Vehumet accepts your kill.
Casting: Iskenderun's Mystic Blast (dangerous; 3% risk of failure)
Confirm with . or Enter, or press ? or * to list all spells.
You don't have enough magic to cast this spell.
Casting: Iskenderun's Mystic Blast (dangerous; 3% risk of failure)
Confirm with . or Enter, or press ? or * to list all spells.
You don't have enough magic to cast this spell.
Casting: Iskenderun's Mystic Blast (dangerous; 3% risk of failure)
Confirm with . or Enter, or press ? or * to list all spells.
You don't have enough magic to cast this spell.
The wight attacks as it pursues you! The wight misses you.
The wight misses you.
The wight hits you with a +6 dagger of freezing!
You die...

.........#..)#.....+
.........#..z).....#
......>(.# #.....# ........#
#.....# ## #..
.......#####.....##..# ....
#................... #.#...
#.........=........# #......
#......z...........#
..#.#.#####.....@z...........#
...#.........###########.....#
..#.#.#......# ......
...#.......<.# .....
..#.#.#.#....# .....
.............# ....
..#.......#..####+#### ...#
......................
..#.#.....#.#.........


You could see 2 wights.

Vanquished Creatures
  Prince Ribbit (D:5)
  Grinder (D:5)
  Sigmund (D:4)
  Eustachio (D:4)
  Menkaure (D:5)
  An ice beast (D:6)
  A black bear (D:3)
  2 phantoms
  A gnoll sergeant (D:5)
  2 scorpions
  3 wights (D:6)
  A howler monkey (D:6)
  2 hounds
  A jelly (D:5)
  2 sleepcaps
  Ijyb (D:5)
  Terence (D:3)
  9 gnolls
  5 adders
  A shadow imp (D:3)
  A worm (D:3)
  6 dart slugs
  3 orcs (D:4)
  6 ball pythons
  4 endoplasms
  5 giant cockroaches
  6 goblins
  6 hobgoblins
  4 jackals (D:3)
  2 quokkas
  2 bats (D:1)
  A frilled lizard (D:2)
  4 kobolds
  7 rats
95 creatures vanquished.

Notes
Turn   | Place    | Note
-------+----------+-------------------------------------------
     0 | D:1      | timneilson the Deep Elf Conjurer began the quest for the
                  | Orb.
     0 | D:1      | Reached XP level 1. HP: 10/10 MP: 6/6
    85 | D:1      | Found Juceetep's Jewellery Shop.
   117 | D:1      | Noticed an eye of devastation
   119 | D:1      | Found a faded altar of an unknown god.
   192 | D:1      | Noticed a golden eye
   192 | D:1      | Noticed a glass eye
   192 | D:1      | Noticed a golden eye
   218 | D:1      | Reached XP level 2. HP: 15/15 MP: 4/8
   228 | D:1      | Found Mylaamin's Weapon Shop.
   429 | D:1      | Learned a level 2 spell: Searing Ray
  1054 | D:2      | Reached XP level 3. HP: 20/20 MP: 6/10
  1063 | D:2      | Identified a scroll of acquirement
  1063 | D:2      | Identified the "Goiritaj" (You acquired it on level 2 of
                  | the Dungeon)
  1063 | D:2      | Acquired 815 gold pieces
  1118 | D:1      | Bought the amulet "Jaoluck" {Acrobat rElec Regen+ Str-5
                  | Int+4} for 460 gold pieces
  1128 | D:1      | Lost strength.
  1701 | D:2      | Reached XP level 4. HP: 22/24 MP: 7/11
  1846 | D:2      | Learned a level 4 spell: Fulminant Prism
  2132 | D:3      | Noticed Terence
  2141 | D:3      | Killed Terence
  2142 | D:3      | Reached skill level 1 in Fighting
  2212 | D:3      | Learned a level 4 spell: Iskenderun's Mystic Blast
  2377 | D:3      | Noticed a black bear
  2383 | D:3      | Killed a black bear
  2384 | D:3      | Reached skill level 1 in Armour
  2384 | D:3      | Reached skill level 1 in Hexes
  2384 | D:3      | Reached skill level 1 in Evocations
  2384 | D:3      | Reached XP level 5. HP: 16/29 MP: 6/13
  2519 | D:3      | Found an iron altar of Okawaru.
  2524 | D:3      | Found an ornate altar of the Wu Jian Council.
  2532 | D:3      | Found a bloodstained altar of Trog.
  2846 | D:1      | Bought the ring "Sankorux" {rElec rC+ rCorr SInv} for 497
                  | gold pieces
  2935 | D:4      | Reached XP level 6. HP: 34/34 MP: 12/14
  3082 | D:4      | Reached skill level 5 in Conjurations
  3082 | D:4      | Reached skill level 1 in Translocations
  3372 | D:4      | Noticed Eustachio
  3382 | D:4      | Killed Eustachio
  3383 | D:4      | Reached skill level 5 in Spellcasting
  3383 | D:4      | Reached XP level 7. HP: 36/38 MP: 4/16
  3755 | D:4      | Noticed Sigmund
  3762 | D:4      | Killed Sigmund
  3763 | D:4      | Reached skill level 1 in Throwing
  3861 | D:5      | Entered Level 5 of the Dungeon
  3880 | D:5      | Noticed Prince Ribbit
  3889 | D:5      | Killed Prince Ribbit
  3890 | D:5      | Reached skill level 5 in Dodging
  3932 | D:5      | Found an opulent altar of Gozag.
  4061 | D:5      | Found a radiant altar of Vehumet.
  4066 | D:5      | Reached XP level 8. HP: 44/44 MP: 13/18
  4077 | D:5      | Became a worshipper of Vehumet
  4246 | D:5      | Noticed Ijyb
  4253 | D:5      | Killed Ijyb
  4260 | D:5      | Learned a level 3 spell: Frozen Ramparts
  4297 | D:5      | Noticed Menkaure
  4303 | D:5      | Killed Menkaure
  4340 | D:5      | Noticed Grinder
  4340 | D:5      | Paralysed by Grinder for 5 turns
  4349 | D:5      | HP: 2/44 [Grinder/nerve-wracking pain (7)]
  4354 | D:5      | Killed Grinder
  4714 | D:6      | Reached skill level 5 in Stealth
  4714 | D:6      | Reached skill level 1 in Ice Magic
  4814 | D:6      | Slain by a wight

Illustrated notes

Levels and vault maps discovered:
D:1:      spicycebolla_green_bress_n_ham, layout_basic,
          hellmonk_ecumenical_altar_watching_god, serial_shops,
          nicolae_shop_gaudy_bauble, shop
D:2:      layout_loops_ring
D:3:      layout_loops_cross, grunt_temple_overflow_open,
          hangedman_decor_opposing, corexii_hall_statues_l, uniq_terence
D:4:      layout_basic, uniq_eustachio, uniq_sigmund
D:5:      layout_cave_pools, mainiacjoe_overflow_catch_the_wave,
          uniq_prince_ribbit1, uniq_grinder, uniq_menkaure, uniq_ijyb
D:6:      minmay_flawed_box, layout_gridville, hangedman_decor_riveting

Skill      XL: |  1  2  3  4  5  6  7  8 |
---------------+-------------------------+-----
Dodging        | 3 4 5 6 |  6.3
Stealth        | 3 4 5 |  5.2
Spellcasting   | 4 5 6 |  6.9
Fighting       | 1 2 |  2.5
Armour         | 1 2 |  2.6
Hexes          | 1 2 3 |  3.7
Evocations     | 1 2 3 |  3.0
Conjurations   | 5 |  5.8
Translocations | 1 2 |  2.9
Throwing       | 1 2 |  2.4
Ice Magic      | 1 |  1.4

Action                     |  1- 3 |  4- 6 |  7- 9 || total
---------------------------+-------+-------+-------++-------
  Melee: Dagger            |     8 |    14 |    10 ||    32
         Short sword       |     1 |       |       ||     1
   Cast: Magic Dart        |    69 |    64 |    14 ||   147
         Searing Ray       |     1 |    12 |    30 ||    43
         Iskenderun's Myst |       |       |     2 ||     2
    Use: Scroll            |     1 |       |     3 ||     4
         Potion            |       |       |     1 ||     1
 Armour: Robe              |     6 |    28 |    26 ||    60
  Dodge: Dodged            |    15 |    67 |    53 ||   135

Table legend: (Time is in decaauts)
 A = Elapsed time spent in this place.
 B = Non-inter-level travel time spent in this place.
 C = Inter-level travel time spent in this place.
 D = Time resting spent in this place.
 E = Time spent auto-exploring this place.
 F = Levels seen in this place.
 G = Mean time per level.
                   A        B        C        D        E       F      G
               +--------+--------+--------+--------+--------+-----+--------+
         Total |   6638 |   6208 |    430 |    530 |   3956 |   6 | 1106.3 |
       Dungeon |   6638 |   6208 |    430 |    530 |   3956 |   6 | 1106.3 |
               +--------+--------+--------+--------+--------+-----+--------+

Top non-repeatable levels by time:
     D:4: 1437 daAuts
     D:3: 1338 daAuts
     D:2: 1300 daAuts
     D:5: 1179 daAuts
     D:1: 1140 daAuts
     D:6: 242 daAuts
